 Dungeon Crawl Stone Soup version 0.29.1-13-g9f3cf754e1 (webtiles) character file.

Game seed: 16019346195287373064

4086 KittyFluff the Basher (level 10, 0/63 HPs)
             Began as a Gargoyle Berserker on Feb 6, 2023.
             Was a High Priest of Trog.
             Slain by a sixfirhy (1 damage)
             ... summoned by a kobold demonologist
             ... in a bailey.
             The game lasted 00:33:45 (10147 turns).

KittyFluff the Basher (Gargoyle Berserker)         Turns: 10147, Time: 00:33:45

Health: 0/63       AC: 12    Str: 22    XL:     10   Next: 25%
Magic:  10/10      EV: 13    Int:  7    God:    Trog [*****.]
Gold:   407        SH:  5    Dex: 13    Spells: 9/9 levels left

rFire   . . .      SeeInvis .   C - +0 flail (protect)
rCold   . . .      Faith    .   p - +0 buckler
rNeg    + . .      Spirit   .   v - +0 leather armour
rPois   ∞          Reflect  .   l - +0 helmet
rElec   +          Harm     .   (no cloak)
rCorr   .          Rampage  .   (no gloves)
Will    .....                   (no boots)
Stlth   ++........              E - amulet of regeneration
HPRegen 1.00/turn               (no ring)
MPRegen 0.12/turn               (no ring)

@: on berserk cooldown, slowed, very slow
A: sickness immunity, AC +7, negative energy resistance 1, electricity
resistance, torment resistance 1, petrification resistance
a: Renounce Religion, Berserk, Trog's Hand, Brothers in Arms


You were in a bailey.
You worshipped Trog.
Trog was extremely pleased with you.
You visited 1 branch of the dungeon, and saw 7 of its levels.
You also visited: Bailey.

You collected 407 gold pieces.

Inventory:

Hand Weapons
 a - a +0 mace
 w - a +0 triple crossbow
 y - a +0 sling
 C - a +0 flail of protection (weapon)
Missiles
 e - 8 boomerangs (quivered)
 g - 55 stones
 j - 5 javelins
 u - 15 poisoned darts
Armour
 k - a +0 ring mail
 l - a +0 helmet (worn)
 p - a +0 buckler (worn)
 v - a +0 leather armour (worn)
 H - a +0 chain mail
Jewellery
 D - a ring of magical power
 E - an amulet of regeneration (around neck)
 I - an amulet of magic regeneration
Wands
 A - a wand of quicksilver (8)
 B - a wand of iceblast (3)
Scrolls
 b - 2 scrolls of magic mapping {unknown}
 d - 5 scrolls of teleportation {unknown}
 h - 2 scrolls of fog {unknown}
 i - 3 scrolls of poison {unknown}
 n - 2 scrolls of summoning {unknown}
 r - a scroll of noise {unknown}
 s - 2 scrolls of blinking {unknown}
 t - 4 scrolls of fear {unknown}
 x - a scroll of enchant weapon {unknown}
 F - a scroll of enchant armour {unknown}
 G - a scroll of vulnerability
 J - a scroll of acquirement
Potions
 c - 3 potions of invisibility
 f - 2 potions of haste
 m - 2 potions of curing
 o - 2 potions of mutation
 q - a potion of might
 z - 7 potions of degeneration


   Skills:
 + Level 7.5 Fighting
 + Level 10.1 Maces & Flails
 + Level 1.1 Throwing
 + Level 4.9 Armour
 + Level 5.5 Dodging
 + Level 3.4 Stealth
 + Level 3.3 Shields


You had 9 spell levels left.
You didn't know any spells.
Your spell library was empty.

Dungeon Overview and Level Annotations

Branches:
Dungeon (7/15)             Temple (0/1) D:6          Bailey (1/1)

Altars:

Shops:
D:2 [   D:6 *


Innate Abilities, Weirdness & Mutations

You are immune to sickness and miasma.
Your stone body is resilient. (AC +7)
You are immune to poison.
You resist negative energy. (rN+)
You are resistant to electric shocks. (rElec)
You are resistant to unholy torment.
You are immune to petrification.


Message History

You block the shadow imp's attack.
The kobold demonologist looks encouraged for a moment.
The sixfirhy hits you!
* * * LOW HITPOINT WARNING * * *
The sixfirhy shocks you. You resist.
* * * LOW HITPOINT WARNING * * *
You closely miss the sixfirhy.
The sixfirhy is heavily wounded.
The sixfirhy hits you but does no damage.
You block the sixfirhy's attack.
You closely miss the sixfirhy.
The sixfirhy is heavily wounded.
You block the sixfirhy's attack. The sixfirhy hits you!
* * * LOW HITPOINT WARNING * * *
The sixfirhy shocks you. You resist.
* * * LOW HITPOINT WARNING * * *
The shadow imp hits you but does no damage.
You barely miss the sixfirhy.
The sixfirhy is heavily wounded.
You block the shadow imp's attack.
You barely miss the sixfirhy.
The sixfirhy is heavily wounded.
You miss the sixfirhy.
The sixfirhy is moderately wounded.
You are no longer berserk.
You are exhausted.
You feel yourself slow down. The shadow imp closely misses you.
The kobold demonologist begins to cast a cantrip, but forgets the words!
You barely miss the sixfirhy.
The sixfirhy is moderately wounded.
The sixfirhy hits you but does no damage.
The sixfirhy hits you.
* * * LOW HITPOINT WARNING * * *
The sixfirhy shocks you. You resist.
* * * LOW HITPOINT WARNING * * *
The sixfirhy misses you. You block the sixfirhy's attack.
The kobold demonologist looks satisfied for a moment.
The shadow imp hits you but does no damage.
The sixfirhy hits you.
You die...

+....#≈≈≈≈≈#
#....#≈≈≈≈≈#
####.#≈≈≈≈≈# #
+[[#.~≈≈≈≈≈# #.
#[[#.~≈≈≈≈≈# ###.4
#..#.~≈≈≈≈≈# .##...
#########.~≈≈≈≈≈#
.##....#..8.8.5#5~≈≈≈≈≈#
.##.._K'......g3@~≈≈≈≈≈#
.##....#..8.8.K#.~≈≈≈≈≈#
.##... #########.~≈≈≈≈≈#
###.. #..#.~≈≈≈≈≈# ..#.
#))#.~≈≈≈≈≈# ..#
+))#)~≈≈≈≈≈#
..##############.#≈≈≈≈≈#
8.8.8)).....#....#≈≈≈≈≈#
......#)....'....#≈≈≈≈≈#


You could see a kobold demonologist, a sixfirhy (summoned), a gnoll and 2 shadow
imps.

Vanquished Creatures
  An orc high priest (Bailey)
  Pikel (D:6)
  A hornet (D:5)
  A steam dragon (D:5)
  2 water moccasins (D:5)
  9 orc warriors
  A sky beast (D:7)
  A black bear (D:5)
  A centaur (D:4)
  2 lemures (D:6)
  A kobold brigand (D:7)
  5 bullfrogs
  5 scorpions
  The ghost of mkat the Magician, a weakling HOHW (D:3)
  2 electric eels (Bailey)
  2 jellies
  An orc priest (D:7)
  2 hounds
  Jessica (D:2)
  3 iguanas
  2 orc wizards (D:5)
  Terence (D:2)
  Robin (D:2)
  7 adders
  8 gnolls
  3 shadow imps
  An ufetubus (D:6)
  3 worms
  3 dart slugs
  36 orcs
  9 bats
  12 endoplasms
  5 giant cockroaches
  25 goblins
  11 hobgoblins
  7 jackals
  4 quokkas
  12 ball pythons
  2 frilled lizards (D:1)
  12 kobolds
  7 rats
214 creatures vanquished.

Vanquished Creatures (others)
  An adder (D:6)
1 creature vanquished.

Grand Total: 215 creatures vanquished

Notes
Turn   | Place    | Note
-------+----------+-------------------------------------------
     0 | D:1      | KittyFluff the Gargoyle Berserker began the quest for the
                  | Orb.
     0 | D:1      | Reached XP level 1. HP: 14/14 MP: 1/1
   173 | D:1      | Reached XP level 2. HP: 19/19 MP: 2/2
   788 | D:1      | Reached XP level 3. HP: 24/24 MP: 3/3
   908 | D:1      | Reached ** piety under Trog
   922 | D:1      | Found a faded altar of an unknown god.
  1291 | D:1      | HP: 1/24 [worm (8)]
  1605 | D:2      | Noticed Robin
  1606 | D:2      | Reached skill level 4 in Maces & Flails
  1611 | D:2      | Reached XP level 4. HP: 16/29 MP: 4/4
  2073 | D:2      | Killed Robin
  2162 | D:2      | Found Fihu's Antique Armour Emporium.
  2521 | D:2      | Noticed Jessica
  2531 | D:2      | Killed Jessica
  2532 | D:2      | Reached XP level 5. HP: 25/33 MP: 5/5
  2603 | D:2      | Noticed Terence
  2626 | D:2      | Killed Terence
  2627 | D:2      | Reached skill level 1 in Stealth
  2917 | D:2      | Reached *** piety under Trog
  3206 | D:3      | Reached skill level 5 in Maces & Flails
  3360 | D:3      | Reached XP level 6. HP: 32/39 MP: 6/6
  3511 | D:3      | You fall into a shaft and drop 1 floor!
  3649 | D:3      | Found a runed translucent door.
  3747 | D:3      | Noticed mkat's ghost (weakling HOHW)
  3798 | D:3      | Killed mkat's ghost
  4828 | D:4      | Reached skill level 6 in Maces & Flails
  4828 | D:4      | Reached XP level 7. HP: 21/44 MP: 7/7
  5028 | D:5      | Entered Level 5 of the Dungeon
  5045 | D:5      | Noticed a hornet
  5058 | D:5      | Killed a hornet
  5059 | D:5      | Reached skill level 5 in Fighting
  6028 | D:5      | Reached skill level 1 in Shields
  6028 | D:5      | Reached XP level 8. HP: 32/49 MP: 8/8
  6165 | D:5      | Reached skill level 7 in Maces & Flails
  6165 | D:5      | Reached **** piety under Trog
  7208 | D:5      | HP: 2/76 [orc warrior/+0 hand axe (12)]
  7214 | D:5      | Reached XP level 9. HP: 3/55 MP: 9/9
  7645 | D:6      | Reached skill level 8 in Maces & Flails
  7789 | D:6      | Found Luuw's Assorted Antiques.
  7964 | D:6      | Noticed Pikel
  8229 | D:6      | Killed Pikel
  8243 | D:6      | Reached skill level 5 in Dodging
  8694 | D:6      | Identified the +7 spear "Onaan" {flame, Int+3 Dex+2}
  8698 | D:6      | Identified the +9 falchion of Bodily Harmony {vorpal, rF+}
  8821 | D:6      | Found a staircase to the Ecumenical Temple.
  9328 | D:7      | Found a flagged portal.
  9359 | Bailey   | Entered a bailey
  9449 | Bailey   | Reached skill level 9 in Maces & Flails
  9633 | Bailey   | Reached ***** piety under Trog
  9733 | Bailey   | Noticed an orc high priest
  9754 | Bailey   | Noticed a sun demon
  9754 | Bailey   | Noticed a rust devil
  9760 | Bailey   | Noticed an ice devil
  9763 | Bailey   | Killed an orc high priest
  9764 | Bailey   | Reached skill level 1 in Throwing
  9764 | Bailey   | Reached XP level 10. HP: 19/63 MP: 10/10
  9765 | Bailey   | Reached skill level 10 in Maces & Flails
 10098 | Bailey   | Found an iron altar of Okawaru.
 10098 | Bailey   | Noticed a kobold demonologist
 10114 | Bailey   | Noticed a sixfirhy
 10147 | Bailey   | HP: 1/63 [sixfirhy[a kobold demonologist] (4)]
 10147 | Bailey   | Slain by a sixfirhy

Illustrated notes

Levels and vault maps discovered:
D:1:      minmay_arrival_five_plusses, layout_rooms,
          hellmonk_ecumenical_altar_zigzags
D:2:      layout_loops_ring, serial_shops, nicolae_shop_statue_plus,
          kennysheep_cluttered_room, minivault_26,
          nicolae_concentric_dashed_squares_wild, st_stairs_3,
          grunt_ministairs_2, uniq_robin, uniq_terence, uniq_jessica
D:3:      layout_basic, ebering_ghost_sewer_d
D:4:      layout_basic, serial_glass, glass_columns_a, glass_columns_a,
          glass_columns_a, glass_columns_a, glass_columns_a
D:5:      nicolae_cairo_tiling_large_dashed, layout_loops_ring
D:6:      layout_cave_pools, temple_green, serial_shops,
          nicolae_inconvenience_store, uniq_pikel
D:7:      layout_basic, enter_bailey_7
Bailey:   bailey_axe_of_yendor_kennysheep, bailey

Skill      XL: |  1  2  3  4  5  6  7  8  9 10 |
---------------+-------------------------------+-----
Maces & Flails | 4 5 6 7 9 10 | 10.1
Fighting       | 4 5 6 7 |  7.5
Dodging        | 2 3 4 5 |  5.5
Stealth        | 1 2 3 |  3.4
Armour         | 3 4 |  4.9
Shields        | 1 2 3 |  3.3
Throwing       | 1 |  1.1

Action                   |  1- 3 |  4- 6 |  7- 9 | 10-12 || total
-------------------------+-------+-------+-------+-------++-------
Melee: Mace              |   132 |   280 |   258 |       ||   670
       Flail             |       |       |   190 |    73 ||   263
Throw: Boomerang         |       |       |    13 |     1 ||    14
       Stone             |       |       |     1 |       ||     1
Invok: Berserk           |     1 |     1 |     4 |     1 ||     7
Evoke: Wand              |       |       |     1 |       ||     1
  Use: Scroll            |       |     4 |     2 |       ||     6
 Stab: Sleeping          |       |     2 |       |       ||     2
Armor: Animal skin       |    52 |    81 |       |       ||   133
       Leather armour    |       |    47 |   171 |    24 ||   242
Dodge: Dodged            |    97 |   194 |   233 |    23 ||   547
Block: Buckler           |       |    26 |    73 |    20 ||   119
